[Event "44th Chess Olympiad Women 2022"]
[Site "Chennai"]
[Date "2022.08.06"]
[Round "8.16"]
[White "Alboredo, Julia"]
[Black "Sebag, Marie"]
[Result "1/2-1/2"]
[WhiteElo "2264"]
[BlackElo "2447"]
[Annotator "TA"]
[PlyCount "84"]
[EventDate "2022.??.??"]
[TimeControl "60"]

1. e4 c5 2. Nf3 d6 3. d4 cxd4 4. Nxd4 Nf6 5. Nc3 a6 6. Be2 e5 7. Nb3 Be7 8. O-O O-O 9. Qd3 Be6 10. Bd2 {[%emt 0:00:38] B92: Sicilian Najdorf: 6
Be2.} Nbd7 (10... Nc6 $5 ) 11. Nd5 Bxd5 12. exd5 {[%emt 0:00:09] White has an edge.} Nc5 13. Nxc5 dxc5 14. c4 Qc7 15. Bc3 Bd6 {[%emt 0:00:
00] [#]} 16. Qh3 $146 ({Predecessor:} 16. Qf5 Ne8
17. Bd3 g6 18. Qh3 f5 19. f3 Nf6 20. Bc2 Rae8 21. Rae1 b5 22. b3 {½-½ (41)
Mekhane,A (2318)-Soham,D (2330) Clichy 2022}) 16... Nd7 17.
Bd3 g6 18. Qh6 Rfe8 19. Rae1 (19. f3 {looks sharper.} b5 20. b3 Bf8 21. Qg5) 19... Bf8 20. Qd2 {[%emt 0:00:26] White is more active.} f5 21. f3 {[%emt 0:00:18] Inhibits e4.} Bd6 {[%emt 0:06:22] [#]} (21... Bg7
$16) 22. g3 (22. Bxf5 $1 $18 {Hoping for Be6+.} gxf5 23. Qg5+
Kh8 24. f4) 22... b5 $14 {[%emt 0:03:51] Strongly threatening ... b4.} 23. b3 ({Don't play} 23. cxb5 $6 c4 24. Bc2 axb5 $15) 23... b4 24. Ba1 a5 25. Re2 a4 26. Rfe1 (26. bxa4 $16 Rxa4 27. Bxf5 gxf5 28. Qg5+ Kh8 29. f4) 26... Rf8 (26... e4 $11 {remains equal.}) 27. Kg2 (27. Bc2 $16)
27... a3 28. Qh6 Rf7 29. h4 e4 30. Bxe4 $2 Bf8 (30... fxe4 $19 31. f4 Bf8) 31. Qd2 fxe4 32. Rxe4 Bg7 (32... Nf6 $17 33. Re6 Nh5) 33. d6 (33. Bxg7
$11 {was the only way to keep the balance.} Kxg7 34. Re7) 33... Qc6 $17 {
[%emt 0:00:19] White must now prevent ...Bxa1.} 34. Bxg7 Kxg7 35. h5 {[%emt 0:00:17] [#] Threatens to win with hxg6.} Raf8 ({Of course not} 35... gxh5 $6 36. Qg5+ Kf8 37. Rd1 $14) ({
Better is} 35... Nf8 $1 {And now ...Rd8 would win.} 36. Rf4 Raa7 37. h6+ Kg8)
36. hxg6 $2 (36. h6+ $17 Kg8 37. Rf4) 36... hxg6 $4 (36... Rxf3 $19 37. Kh3 hxg6) 37. Rh1 $18 Rh8 38. Rxh8 {[%emt 0:00:27] Remove Defender, Deflection} Kxh8 39. Qh6+ Kg8 40. Re8+ $2 (40. Qxg6+ {mates} Rg7 41. Qe8+ Nf8 42. Qxc6 Rh7 43. Qd5+ Kh8
44. Re7 Rxe7 45. dxe7 Nh7 46. e8=Q+ Nf8 47. Qxf8+ Kh7 48. Qh5#) 40... Nf8 $1
$11 {[%emt 0:00:47] The position is equal.} 41. Rxf8+ {[%emt 0:31:31] Remove
Defender} Rxf8 42. Qxg6+ Kh8 {[%emt 0:00:03]
Weighted Error Value: White=0.65/Black=0.47} 1/2-1/2

[Event "44th Chess Olympiad Women 2022"]
[Site "Chennai"]
[Date "2022.08.06"]
[Round "8.16"]
[White "Guichard, Pauline"]
[Black "Librelato, Kathie Goulart"]
[Result "1/2-1/2"]
[WhiteElo "2379"]
[BlackElo "2255"]
[Annotator "TA"]
[PlyCount "120"]
[EventDate "2022.??.??"]
[TimeControl "60"]

1. d4 d5 2. c4 e6 3. Nc3 c6 4. e3 Nf6 5. Nf3 Nbd7 6. Be2 Bd6 7. O-O O-O 8. b3 b6 {[%emt 0:00:13] D45:
Semi-Slav: 5 e3.} 9. Bb2 Bb7 10. Bd3 Qe7 11. Re1 c5 12. cxd5 exd5 {[%emt 0:00:08] [#]} 13. g3 $146 (13. Rc1 {seems wilder.} Ne4 14. Nb5 Bb8 15. g3) ({Predecessor:} 13.
Nb5 Bb8 14. Bf5 g6 15. Bh3 Ne4 16. dxc5 bxc5 17. Nc3 Ndf6 18. Qc2 Bd6 19. Rac1
{1-0 (99) Gumularz,S (2515)-Mendonca,L (2557) Paleochora 2021}) 13... Rac8 14. Bf1 Rfd8 15. a4 Ne4 16. dxc5 Ndxc5 17. Nb5 (17. Nxd5 $2 Bxd5 18. Qxd5 Bxg3
$1 19. Qxd8+ Qxd8 $19) 17... Bb8 18. Nbd4 g6
{[%emt 0:07:31] Against Nf5} 19. Bh3 f5 ({
Black should try} 19... Nd7 $11) 20. Nxf5 gxf5 $11 21. Bxf5 Rc6 (21... Rf8 $15 22. Bxc8
(22. Qd4 Rc6 $17) 22... Bxc8) 22. Nd4 ({But not} 22. Qd4 $2
Rf6 23. Bxe4 Nxe4 $19) (22. b4 $11) 22... Rh6 $1 $15 23. b4 {[%emt 0:00:38] [#]} Nxf2 24. Qf3 (24. Qe2 Nce4) 24... Ncd3 25. Bxd3 Nxd3 26. Nf5 Qg5 27. Nxh6+ Qxh6 28. Qg4+ Qg6 29. Qh4 Re8 30. Rf1 Nxb2 31. Rf6 Qe4 (31... Rxe3 32. Rxg6+ hxg6 33. Qd8+ Kh7 34. Rf1) ({
Better is} 31... Qg7 $15 32. Raf1 Be5) 32. Qg5+ $11 Kh8 {
[%emt 0:00:05] Hoping for ...d4.} 33. Raf1 {[%emt 0:00:03] Chess con chili.}
Qxe3+ 34. Qxe3 Rxe3 35. Rf8+ Kg7 {[%emt 0:00:05][%cal Ye3e7] ... Re7! is the strong threat.
} 36. R1f7+ Kg6 37. Rxb7 $2 (37. Rf6+ $1 $11 Kg5 38. Rf5+ Kg4 39. R5f7) 37... Be5 38. g4 (38. Rxa7 $17 Nc4 39. Rd7) 38... Nd3 (38... Nxa4 39. Rg8+ Kf6 40. Rxa7 $17) 39. Rg8+ Kf6 40. Rf8+ (40. Rxh7 {was worth a try.} Re2 41.
Kf1 Rf2+ 42. Kg1) 40... Kg6 $2 (40... Kg5 $19 41. Rg8+ Kf4 42.
Rxh7 Nxb4) 41. Rg8+ Kf6 {[%emt 0:12:29] aiming for ...Re1+.} (
41... Kh6 $5 42. Rf7 Re1+ 43. Kg2 Nf4+ 44. Kf2 Nd3+ 45. Kg2 Nf4+
46. Kf2 Nd3+ 47. Kg2 $17) 42. Rxh7 (42. Rf8+ $1 $11 {was the
only way to keep the balance.} Kg5 43. Rg8+ Kf4 44. Rxh7) 42... Re1+ $17 ({Not} 42... Nxb4 43. Rh6+ Kf7 44. Ra8 $17) 43. Kg2 {[%emt 0:
00:06] [#]} Re2+ ({Much worse is} 43... Nxb4 $6 44. Rh6+ Ke7
45. Ra8 $11) (43... Nf4+ $1 $17 44. Kf3 Rf1+ 45. Ke3 d4+ 46. Ke4 Re1+ 47. Kf3
Ne6) 44. Kf3 $15 Rxh2 45. Rf8+ {[%emt 0:08:
18] The position is equal.} Kg6 46. Rxh2 Bxh2 47. b5 Bg1 {[%emt 0:03:36] Strongly
threatening ...Bc5.} 48. Rg8+ Kf7 49. Ra8 Nb2 50. Rxa7+ Kg6 51. Rd7 Nxa4 {[%emt 0:00:32] White must now prevent ..
.Nc3.} 52. Rxd5 Nc3 53. Rf5 Bc5 54. Rxc5 {[%emt 0:00:29] Remove Defender} bxc5 $11 {
[%emt 0:00:04] Endgame KN-KPP} 55. b6 {[%emt 0:00:02] Threatening mate with b7.
} Nb5 56. b7 Nd4+ 57. Ke4 Nc6 58. Kd5 Nb8 59. Kxc5 Kg5 60. Kb6 Kxg4 {[%emt 0:00:14] Weighted Error Value: White=0.21 (precise)
/Black=0.25 (precise)} 1/2-1/2

[Event "44th Chess Olympiad Women 2022"]
[Site "Chennai"]
[Date "2022.08.06"]
[Round "8.16"]
[White "Savina, Anastasia"]
[Black "Bail, Ellen Larissa"]
[Result "1-0"]
[WhiteElo "2377"]
[BlackElo "1892"]
[Annotator "TA"]
[PlyCount "61"]
[EventDate "2022.??.??"]
[TimeControl "60"]

1. d4 d5 2. c4 e6 3. Nc3 Nf6 4. cxd5 exd5 5. Bg5 c6 6. e3 Be7 7. Bd3 Nbd7 8. Qc2 Nh5 9.
Bxe7 Qxe7 10. O-O-O g6 11. h3 {[%emt 0:04:57] D36: Queen's Gambit Declined: Exchange
Variation: Main line (5 Bg5 c6 6 Qc2).} Nb6 12. Kb1 Bd7 13. Nf3 {[%emt 0:07:43] White is slightly better.}
O-O-O 14. Na4 Ng7 15. Rc1 Bf5 {[%emt 0:08:44] [#]} 16. Rhd1 $146 ({
Predecessor:} 16. Nc5 Bxd3 17. Qxd3 Nf5 18. Qa3 Kb8 19. Ne5 Rhe8 20. Qb4 f6 21.
Ned3 Nd6 22. a4 {1-0 (32) Colpe,M (2385)-Sajjadi,K (1860) Helsingor 2016})
16... Nc4 17. Nc5 h5 (17...
Bxd3 $11 18. Rxd3 (18. Nxd3 Kb8 $11) (18. Qxd3 Ne6 $11) 18... Ne6) 18. Qa4 (18. Bxf5+ $16 Nxf5 19. Ka1) 18... Kb8 $11 19.
Ne5 Nxe5 20. dxe5 {[%emt 0:00:04] Bxf5 is
the strong threat.} Bxd3+ {[%emt 0:07:20] A mistake that costs the game.} (
20... Ne6 $1 $15 {keeps the upper hand.} 21. Bxf5 Nxc5) 21. Rxd3 $18 Ne6 $2 {[%emt 0:03:13] [#]} (21... Rc8 {was worth a try.} 22. Rb3 (22.
Ra3 b5 $16) 22... b5) 22. Nxb7 $1 {[%emt 0:07:59] White is clearly winning.}
Qxb7 23. Rb3 Rc8 24. Rxc6 ({Less strong is} 24. Rxb7+ Kxb7 25. e4 dxe4 26. Qb4+ Ka8 27.
Qxe4 Kb7 28. Qb4+ Ka8 $18) 24... Nc5 (24... Rxc6 $142 25. Qxc6
Qxb3 26. axb3 Rd8) 25. Rxb7+ Nxb7 26. Rxc8+ Rxc8 {[%emt 0:00:09] KQ-KRN} 27. Qd7 Nc5 28. Qxf7 Nd3 29.
a4 Nxe5 30. Qxd5 Nc6 31. Qd6+ {[%emt 0:00:57] Weighted Error Value: White=0.14 
(very precise) /Black=0.59} 1-0

[Event "44th Chess Olympiad Women 2022"]
[Site "Chennai"]
[Date "2022.08.06"]
[Round "8.16"]
[White "Terao, Juliana Sayumi"]
[Black "Milliet, Sophie"]
[Result "1/2-1/2"]
[WhiteElo "2223"]
[BlackElo "2396"]
[Annotator "TA"]
[PlyCount "64"]
[EventDate "2022.??.??"]
[TimeControl "60"]

1. e4 c5 2. c3 Nf6 3. e5 Nd5 4. Nf3 d6 5. d4 cxd4 6. Qxd4 e6 7. Bc4 Nc6 8. Qe4 dxe5 9. Nxe5 Nf6 {[%emt 0:10:28] [#]
B22: Sicilian: 2 c3.} 10. Nxc6 $1 Nxe4 (10...
Qd7 11. Qe2) 11. Nxd8 Kxd8 {[%emt 0:00:08] White is slightly
better.} 12. O-O {[%emt 0:07:00] [#]} Bd6 $146 ({Predecessor:
} 12... Bd7 13. Rd1 Rc8 14. Bb5 Bd6 15. Na3 a6 16. Bxd7 Kxd7 17. Rd4 f5 18. Nc4
Rc5 {½-½ (53) Strikovic,A (2495)-Vera Gonzalez Quevedo,R (2500) Elgoibar 1994
}) 13. Re1 Nc5 14. Nd2 Ke7 (14... Bd7 $14) 15. Nf3 (15. b4 $16 Na4 16.
Ne4) 15... Rd8 $11 16. Be3 Bd7 17. Rad1 Rac8 18. Bf1 (18. b3 {is interesting.} f6 19. Ng5
Be5 20. f4) 18... a6 19. Nd4 e5 20. Nb3 {[%emt 0:03:53] And now Bxc5 would win.} Nxb3 21.
axb3 Be6 22. b4 f6 23. g3 Bb3 24. Ra1 Bd5 25. Bh3 Rc6 {[%emt 0:00:07] [#]} (25...
Be6 $11 {remains equal.} 26. Bg2 Rd7) 26. Rad1 (26. f4 $1 $16)
26... Bf3 {[%emt 0:00:36] The position is equal.} 27. Bg2 Bxg2 28. Kxg2 Ke6 29. f4 Bc7 30. Rxd8 Bxd8 31. fxe5 fxe5 32. Kf3 Bf6 {[%emt 0:03:26] Weighted Error Value: White=0.19 (very precise) /Black=0.
13 (very precise)} 1/2-1/2

[Event "44th Chess Olympiad Women 2022"]
[Site "Chennai"]
[Date "2022.08.06"]
[Round "8.17"]
[White "Forgas Moreno, Yaniela"]
[Black "Mayrhuber, Nikola"]
[Result "1-0"]
[WhiteElo "2343"]
[BlackElo "2141"]
[Annotator "RC"]
[PlyCount "65"]
[EventDate "2022.??.??"]
[TimeControl "60"]

1. e4 c5 2. Nc3 d6 3. d4 cxd4 4. Qxd4 Nc6 5. Qd2 g6 6. b3 Bh6 7. f4 Nf6 8. Bb2 O-O 9. O-O-O a6 10. Kb1 b5 11. Bd3 e5 12. Nge2 Bb7 13.
h4 Nh5 14. g4 Nxf4 15. g5 Nxe2 16. Bxe2 Bg7 17. h5 Nd4 18. Bd3 Nf3 19. Qg2 Nxg5 20. Rdg1 Ne6 21. hxg6 hxg6 22. Qh2 Re8 23. Rf1 Nf8 24. Bc1 f6 25. Qh4 Ne6 26. Nd5 Kf7 27. Nxf6 Bxf6 28. Qh7+ Ng7 29. Rhg1 Ke6 30. Rxg6 Rf8 31. Qxg7 Rf7 32. Rfxf6+ Rxf6 33. Bg5 1-0

[Event "44th Chess Olympiad Women 2022"]
[Site "Chennai"]
[Date "2022.08.06"]
[Round "8.17"]
[White "Hapala, Elisabeth"]
[Black "Hernandez Gil, Ineymig"]
[Result "0-1"]
[WhiteElo "2113"]
[BlackElo "2234"]
[Annotator "RC"]
[PlyCount "90"]
[EventDate "2022.??.??"]
[TimeControl "60"]

1. e4 c6 2. d4 d5 3. e5 c5 4. dxc5 e6 5. a3 Bxc5 6. b4 Be7 7. Bd3 a5 8. b5 Nd7 9. Nf3 f6 10. Bb2 Nh6 11. O-O Nf7 12. exf6 Bxf6 13. Bxf6 Qxf6 14. Ra2 e5 15. Re1 O-O 16. Bf1 Nb6 17. c4 dxc4 18. Nbd2 Be6 19. Rc2 Rac8 20. Qc1 Bd5 21. Nxc4 Bxf3 22. Nxb6 Rxc2 23. Qxc2 Qxb6 24. gxf3 Ng5 25. Qb3+ Kh8 26. Bg2 e4 27. Qe3 Qg6 28. Kh1 exf3 29. Bf1 h6 30. Qe7 Qf5 31. Qxb7 Qc2 32. Qe7 Rb8 33. Qe3 Qa4 34. b6 Qc6 35. Bd3 Nh7 36. Rb1 Nf6 37. Qd4 Qc8 38. Qd6 Ng4 39. Kg1 Qe8 40. Bf5 Nxf2 41. b7 Rxb7 42. Rc1 Nh3+ 43. Kh1 f2 44. Bd3 Rb1 45. Rxb1 Qa8+ 0-1

[Event "44th Chess Olympiad Women 2022"]
[Site "Chennai"]
[Date "2022.08.06"]
[Round "8.17"]
[White "Miranda Llanes, Yerisbel"]
[Black "Polterauer, Chiara"]
[Result "1-0"]
[WhiteElo "2347"]
[BlackElo "2183"]
[Annotator "RC"]
[PlyCount "113"]
[EventDate "2022.??.??"]
[TimeControl "60"]

1. d4 Nf6 2. c4 g6 3. Nc3 d5 4. cxd5 Nxd5 5. e4 Nxc3 6. bxc3 Bg7 7. Nf3 c5 8. Bb5+ Nc6 9. Rb1 O-O 10. d5 Ne5 11. O-O a6 12. Be2 Nxf3+ 13.
Bxf3 b5 14. Be3 Qd6 15. Qc1 Bd7 16. g3 f5 17. Re1 fxe4 18.
Bxe4 Bf5 19. Bf4 Be5 20. Bh6 Bg7 21. Bxg7 Kxg7 22. c4 Bd7 23. Bg2 b4 24. Qb2+ Rf6 25. Re5 Re8 26. Rbe1 Kf7 27. h4 a5 28. Qd2 Kg7 29. Qe3 Rf7 30. h5 a4 31. h6+ Kf8 32. f4 Bf5 33.
Bf3 Rb8 34. Bd1 b3 35. axb3 a3 36. Qc3 Qf6 37. Bc2 Bxc2 38. Qxc2 Qb6 39. R5e3 Rb7 40. Qc3 Qf6 41. Qa5 Qb6 42. Qa8+ Rb8 43. Qxa3 Ke8 44. Qa4+ Kf8 45. Qa1 Ke8 46. Qa4+ Kf8 47. Rd3 Rf6 48. Qd7 Qd6 49. Qa7 Rd8 50. Rde3 Rd7 51. Qa8+ Rd8 52. Qa1 Kf7 53. Re6 Qc7 54. Rxe7+ Qxe7 55. Rxe7+ Kxe7 56. Qe5+ Kf7 57. Qc7+ 1-0

[Event "44th Chess Olympiad Women 2022"]
[Site "Chennai"]
[Date "2022.08.06"]
[Round "8.17"]
[White "Trippold, Denise"]
[Black "Arribas Robaina, Maritza"]
[Result "1/2-1/2"]
[WhiteElo "2151"]
[BlackElo "2239"]
[Annotator "RC"]
[PlyCount "131"]
[EventDate "2022.??.??"]
[TimeControl "60"]

1. Nf3 g6 2. d4 Bg7 3. c4 d6 4. e4 Bg4 5. Be2 Nc6 6. Be3 Nf6 7. Nc3 O-O 8. O-O e5 9. d5 Ne7 10. Rc1 Nd7 11. Nd2 Bxe2 12. Qxe2 f5 13.
exf5 Nxf5 14. Nde4 h6 15. c5 a6 16. f3 Qe7 17. b4 Nf6 18. Bf2 Rad8 19. Qc4 Qf7 20. Rfd1 Nh7 21. b5 axb5 22. Nxb5 Nf6 23. cxd6 cxd6 24. Bb6 Rd7 25. Nxf6+ Bxf6 26. Qb3 Bg5 27. Rc4 h5 28. Qd3 Kh7 29. Nc3 Bd8 30. Bf2 Be7 31. Ne4 Ra8 32. a4 Kg7 33. Rb1 Ra5 34. Rb5 Rxb5 35.
axb5 Bd8 36. b6 Ne7 37. Nc3 Ng8 38. Rb4 Nf6 39. Ra4 Ng8 40.
Rc4 Ne7 41. h3 Qf5 42. Ne4 Qf7 43. Nc3 Qf5 44. Re4 Ng8 45. Qe3 Qf7 46. Ra4 Ne7 47. Qd3 Ng8 48. Ra5 Qf4 49. Ne4 Qc1+ 50. Kh2 Qf4+ 51. g3 Qf5 52. Kg2 Qf7 53. h4 Nh6 54. Ra8 Nf5 55. Ra5 Be7 56. Ra4 Bd8 57. Ra5 Be7 58. Qc3 Bf6 59. Qd3 Be7 60. Ra4 Bd8 61. Ra8 Bf6 62. Ra4 Be7 63. Rc4 Bd8 64. Ra4 Be7 65. Rc4 Bd8 66. Ra4 1/2-1/2

[Event "44th Chess Olympiad Women 2022"]
[Site "Chennai"]
[Date "2022.08.06"]
[Round "8.18"]
[White "Fronda, Jan Jodilyn"]
[Black "Urh, Zala"]
[Result "1-0"]
[WhiteElo "2181"]
[BlackElo "2321"]
[Annotator "RC"]
[PlyCount "81"]
[EventDate "2022.??.??"]
[TimeControl "60"]

1. e4 c6 2. d4 d5 3. e5 c5 4. c3 Nc6 5. Nf3 Bg4 6. Nbd2 e6 7. h3 Bh5 8. Be2 Be7 9. O-O cxd4 10. cxd4 Nh6 11. a3 Qb6 12. Qa4 Bxf3 13. Nxf3 Nf5 14. Rd1 h5 15. b4 Rc8 16. b5 Na5 17. Bd2 Nc4 18. Rac1 Nxd4 19. Nxd4 Qxd4 20. b6+ Kf8 21. bxa7 Ra8 22. Rxc4 dxc4 23. Bb4 Qb6 24. Rd7 Bxb4 25. Qxb4+ Qxb4 26. axb4 g6 27. Rxb7 c3 28. Bd1 Kg7 29. b5 Rhd8 30. Bb3 Rac8 31. Bc2 Kf8 32. b6 Ke8 33. h4 Kf8 34. Kf1 Ke8 35. Ke1 Kf8 36. Rc7 Rxc7 37. bxc7 Rc8 38. Be4 c2 39. Bxc2 Ke7 40. Be4 Kd7 41. Bb7 1-0

[Event "44th Chess Olympiad Women 2022"]
[Site "Chennai"]
[Date "2022.08.06"]
[Round "8.18"]
[White "Janzelj, Lara"]
[Black "San Diego, Marie Antoinette"]
[Result "1-0"]
[WhiteElo "2215"]
[BlackElo "2101"]
[Annotator "NA RC"]
[PlyCount "91"]
[EventDate "2022.??.??"]
[TimeControl "60"]

1. c4 e6 2. d4 d5 3. Nf3 c6 4. Nbd2 Nf6 5. g3 Nbd7 6. Bg2 Be7 7. Qc2 O-O 8. O-O b6 9. e4 dxe4 10. Nxe4 Nxe4 11. Qxe4 Bb7 12. Rd1 Rc8 13. Be3 Bf6 14. c5 Be7 15. Qc2 Nf6 16. Bg5 Nd5 17. Bxe7 Qxe7 18. Re1 Rfd8 19. a3 a5 20. Ne5 Ba6 21. Bh3 Re8 22. Rac1 b5 23. Bg2 Red8 24. Re4 Bb7 25. Rh4 g6 26. Qd2 f6 27. Nd3 a4 28. Re4 Rc7 29. Rce1 Bc8 30. h4 Qg7 31. Bh3 f5 32. Re5 h6 33.
Bg2 g5 34. hxg5 hxg5 35. Bxd5 cxd5 36. Kg2 Rf8 37. Rh1 Qg6 38. Ree1 f4 39. g4 Rh7 40. Ne5 f3+ 41. Kg3 Qg7 42. Rxh7 Kxh7 43. Rh1+ Kg8 44. Rh5 Rf4 45. Rxg5 Qxg5 46. Qxf4 1-0

[Event "44th Chess Olympiad Women 2022"]
[Site "Chennai"]
[Date "2022.08.06"]
[Round "8.18"]
[White "Mordido, Kylen Joy"]
[Black "Vidic, Teja"]
[Result "1/2-1/2"]
[WhiteElo "2023"]
[BlackElo "2099"]
[Annotator "NA RC"]
[PlyCount "78"]
[EventDate "2022.??.??"]
[TimeControl "60"]

1. c4 c6 2. Nf3 d5 3. d4 Nf6 4. Nc3 dxc4 5. a4 Bf5 6. e3 e6 7. Bxc4 Bb4 8. O-O O-O 9. Qb3 c5 10. dxc5 a5 11. Nd4 Bg6 12. Rd1 Qe7 13.
Bd2 Nc6 14. Nce2 Bxc5 15. Nxc6 bxc6 16. Nf4 Be4 17. Bd3 e5 18. Bxe4 exf4 19. Bxc6 Rab8 20. Bb5 Ng4 21. h3 Nxe3 22. Bxe3 fxe3 23. fxe3 Bxe3+ 24. Kh1 Bc5 25. Re1 Qg5 26.
Rad1 Rbd8 27. Rxd8 Qxd8 28. Rf1 Qc7 29. Bc4 Ba7 30. Rf3 Kh8 31.
Qa3 Rc8 32. Rxf7 Qxc4 33. Rxa7 Qf4 34. Qc5 Qb8 35. Qe3 Qxb2 36. Rxa5 h6 37. Re5 Qa1+ 38. Kh2 Qxa4 39. Qe4 Qxe4 1/2-1/2

[Event "44th Chess Olympiad Women 2022"]
[Site "Chennai"]
[Date "2022.08.06"]
[Round "8.18"]
[White "Unuk, Laura"]
[Black "Frayna, Janelle Mae"]
[Result "0-1"]
[WhiteElo "2340"]
[BlackElo "2224"]
[Annotator "RC"]
[PlyCount "132"]
[EventDate "2022.??.??"]
[TimeControl "60"]

1. c4 Nf6 2. Nc3 c5 3. g3 g6 4. Bg2 Bg7 5. Nf3 O-O 6. d4 cxd4 7. Nxd4 Nc6 8. O-O Ng4 9. e3 d6 10. b3 Nge5 11. Bb2 Nxd4 12. exd4 Nc6 13. Nd5 e6 14. Nf4 Nxd4 15. Bxd4 e5 16. Nxg6 hxg6 17. Bb2 Qc7 18. Qe2 Bd7 19. Rfd1 Bc6 20. Rd2 Rfe8 21. Rad1 Rad8 22. Bd5 e4 23. Bxg7 Kxg7 24. Qe3 a6 25. h4 Re5 26. Rd4 Qe7 27. a3 f5 28. Kg2 Rd7 29. b4 Rd8 30. R4d2 Kh7 31. Rd4 Kg7 32. R1d2 Kh7 33. Kf1 Kg7 34. Rd1 Ba4 35. Re1 Bc6 36. Qd2 Be8 37. Kg2 Bc6 38. Qc3 Kh7 39. Qd2 Kg7 40. Kg1 Be8 41. Re3 Bc6 42. Qd1 Rd7 43. Re2 Bxd5 44. Rxd5 Rxd5 45. Qxd5 Qe5 46. Rd2 Qxd5 47. Rxd5 Kf6 48. f3 Ke6 49. fxe4 fxe4 50. Rg5 Rf7 51. Rxg6+ Ke5 52. Rg5+ Kd4 53. Rd5+ Kxc4 54. Rxd6 e3 55. Re6 Kd3 56. h5 e2 57. Kg2 Rf1 58. h6 e1=Q 59. Rxe1 Rxe1 60. g4 Re6 61. g5 Rg6 62. Kg3 Rxg5+ 63. Kh4 Rg1 64. Kh5 b5 65. h7 Rh1+ 66. Kg6 Kc4 0-1

[Event "44th Chess Olympiad Women 2022"]
[Site "Chennai"]
[Date "2022.08.06"]
[Round "8.19"]
[White "Ayzenberg, Alena"]
[Black "De Seroux, Camille"]
[Result "0-1"]
[WhiteElo "2023"]
[BlackElo "2106"]
[Annotator "NA RC"]
[PlyCount "81"]
[EventDate "2022.??.??"]
[TimeControl "60"]

1. d4 Nf6 2. c4 e6 3. Nf3 Bb4+ 4. Bd2 Qe7 5. g3 Nc6 6. Bg2 Bxd2+ 7. Nbxd2 d6 8. O-O O-O 9. e4 e5 10. d5 Nb8 11. b4 a5 12. a3 Na6 13.
Qb3 c6 14. Nh4 g6 15. Qc3 cxd5 16. exd5 axb4 17. axb4 Bd7 18. Rfe1 Nh5 19. f4 Nxf4 20. gxf4 Qxh4 21. fxe5 dxe5 22. Nf3 Qf6 23. Nxe5 Bf5 24. c5 Rae8 25. d6 Nxb4 26. Qxb4 Rxe5 27. Rxe5 Qxe5 28. Re1 Qf6 29. Qf4 Qc3 30. Qe5 Qb4 31. Rc1 Ra8 32. Qd5 Re8 33. Qd1 Qb2 34. Bf3 Re3 35. Bd5 Rd3 36. Bxf7+ Kxf7 37. Qf1 Kg7 38. Kh1 Rd2 39. Re1 Qd4 40. Re7+ Kf8 41. Qf3 0-1

[Event "44th Chess Olympiad Women 2022"]
[Site "Chennai"]
[Date "2022.08.06"]
[Round "8.19"]
[White "Georgescu, Lena"]
[Black "Machlik, Monika"]
[Result "1/2-1/2"]
[WhiteElo "2279"]
[BlackElo "2111"]
[Annotator "NA RC"]
[PlyCount "59"]
[EventDate "2022.??.??"]
[TimeControl "60"]

1. e4 c6 2. d4 d5 3. e5 Bf5 4. h4 h5 5. Bd3 Bxd3 6. Qxd3 Qa5+ 7. Nd2 e6 8.
Ngf3 Nh6 9. O-O Nf5 10. Nb3 Qa6 11. Qd1 b6 12. Bg5 c5 13.
dxc5 bxc5 14. Nbd2 Nd7 15. c4 d4 16. Qe2 f6 17. Bf4 Kf7 18.
Ne4 Be7 19. g3 Nf8 20. exf6 gxf6 21. Rfe1 Rd8 22. Rad1 Ng6 23.
Bc1 Rd7 24. b3 Rhd8 25. Rd3 Qc6 26. Bd2 Rg8 27. Kh2 Rh8 28.
Kg1 Rg8 29. Kh2 Rh8 30. Kg1 1/2-1/2

[Event "44th Chess Olympiad Women 2022"]
[Site "Chennai"]
[Date "2022.08.06"]
[Round "8.19"]
[White "Machlik, Edit"]
[Black "Hakimifard, Ghazal"]
[Result "0-1"]
[WhiteElo "2084"]
[BlackElo "2296"]
[Annotator "NA RC"]
[PlyCount "54"]
[EventDate "2022.??.??"]
[TimeControl "60"]

1. d4 Nf6 2. c4 e6 3. Nc3 Bb4 4. Qc2 d6 5. a3 Bxc3+ 6. Qxc3 O-O 7. f3 Nbd7 8. e4 e5 9. d5 c6 10. Be3 cxd5 11. cxd5 Nb6 12. Bd3 Nh5 13. Ne2 Qh4+ 14. g3 Qe7 15. g4 Nf4 16. Bxf4 exf4 17. Nxf4 f5 18. O-O fxe4 19. fxe4 Bxg4 20. Ng2 Nd7 21. Qc7 Qe5 22. Kh1 Nc5 23. Bc2 Bf3 24. Rae1 Rac8 25. Qxc8 Bxg2+ 26. Kxg2 Rxc8 27. Rf2 Rf8 0-1

[Event "44th Chess Olympiad Women 2022"]
[Site "Chennai"]
[Date "2022.08.06"]
[Round "8.19"]
[White "Stoeri, Laura"]
[Black "Stanford, Sheila Barth"]
[Result "1/2-1/2"]
[WhiteElo "2084"]
[BlackElo "2097"]
[Annotator "NA RC"]
[PlyCount "84"]
[EventDate "2022.??.??"]
[TimeControl "60"]

1. e4 c5 2. Nf3 e6 3. d4 cxd4 4. Nxd4 Nc6 5. Nc3 Qc7 6. Be3 a6 7. g4 b5 8. Nxc6 Qxc6 9. Qd2 Bb4 10. Qd4 Bxc3+ 11. bxc3 Ne7 12. Qxg7 Rg8 13. Qd4 Rxg4 14. f3 Rg8 15. O-O-O Bb7 16. Rg1 Rxg1 17. Bxg1 O-O-O 18. c4 b4 19. Bf2 f5 20. Bh4 e5 21. Qd2 Qc5 22. exf5 Bxf3 23. Be2 Bc6 24. Kb1 Rf8 25. f6 Nf5 26. Bg5 h6 27. Bg4 Nd4 28.
Bxh6 Rxf6 29. Be3 Rd6 30. Qd3 Ba4 31. Bxd4 Rxd4 32. Qg6 Qxc4 33. Rxd4 exd4 34. Qe8+ Kc7 35. Qe5+ Kb7 36.
Bf3+ Bc6 37. Be2 Qc3 38. Bd3 a5 39. Qxa5 Qe1+ 40. Kb2 Qc3+ 41. Kb1 Qe1+ 42. Kb2 Qc3+ 1/2-1/2

[Event "44th Chess Olympiad Women 2022"]
[Site "Chennai"]
[Date "2022.08.06"]
[Round "8.20"]
[White "Berzina, Ilze"]
[Black "Sinitsina, Anastassia"]
[Result "0-1"]
[WhiteElo "2141"]
[BlackElo "2175"]
[Annotator "RC"]
[PlyCount "112"]
[EventDate "2022.??.??"]
[TimeControl "60"]

1. e4 e5 2. Nf3 Nc6 3. Bb5 a6 4. Ba4 Nf6 5. O-O Be7 6. Re1 b5 7. Bb3 O-O 8. a4 Bb7 9. d3 d6 10. Bd2 b4 11. a5 Rb8 12. Bg5 Nd7 13.
Bxe7 Qxe7 14. Nbd2 Nc5 15. Bc4 Bc8 16. Nf1 Be6 17. Ne3 Bxc4 18.
dxc4 Qd8 19. Nf5 Qf6 20. Ne3 Ne7 21. Nd5 Nxd5 22. cxd5 Qh6 23. Qd2 Qh5 24. Qg5 Qxg5 25. Nxg5 b3 26. c3 Rb5 27. Nf3 f5 28.
Nd2 fxe4 29. c4 Rb4 30. Nxe4 Nd3 31. Re2 Rxc4 32. f3 Rb8 33. Nf2 Nf4 34. Rd2 Rc2 35. Rad1 Rb5 36. g3 Rxd2 37. Rxd2 Nxd5 38. Rd3 Kf7 39. Ne4 Nf6 40. Rc3 Nxe4 41. Rxc7+ Kf6 42. fxe4 Rxa5 43. Rc3 Ra4 44. Rxb3 Rxe4 45. Rb6 Rd4 46. Rxa6 Rd2 47. b4 g6 48. b5 Kf5 49. b6 Rb2 50. b7 d5 51. Rd6 d4 52. Rd7 Ke4 53.
Rxh7 d3 54. Rd7 Ke3 55. h4 d2 56. g4 Rxb7 0-1

[Event "44th Chess Olympiad Women 2022"]
[Site "Chennai"]
[Date "2022.08.06"]
[Round "8.20"]
[White "Maklakova, Nellija"]
[Black "Blokhin, Sofia"]
[Result "1/2-1/2"]
[WhiteElo "1819"]
[BlackElo "1996"]
[Annotator "NA RC"]
[PlyCount "92"]
[EventDate "2022.??.??"]
[TimeControl "60"]

1. Nf3 c5 2. g3 Nf6 3. Bg2 d5 4. c4 Nc6 5. cxd5 Nxd5 6. Nc3 Nc7 7. O-O e5 8. d3 Be7 9. Be3 O-O 10. Rc1 Be6 11. Ne4 b6 12. Qa4 Nd4 13.
Bxd4 exd4 14. b4 f5 15. Ned2 Nd5 16. Qc6 Qc8 17. Nxd4 cxd4 18. Bxd5 Qxc6 19. Bxc6 Rac8 20. b5 Ba3 21. Rb1 Be7 22. a4 a5 23. Nf3 Bf6 24. h4 h6 25. Kg2 g5 26. hxg5 hxg5 27. Nd2 g4 28.
Nc4 Bxc4 29. dxc4 Be7 30. Rbd1 Bc5 31. Rd3 Rcd8 32. Bd5+ Kg7 33. Rh1 Rde8 34. Rd2 Kg6 35. Bc6 Re7 36. Rh4 Kg5 37. Rh1 f4 38. gxf4+ Rxf4 39. Rh8 Ref7 40. f3 gxf3+ 41. exf3 Rg7 42. Kf1 Kf6 43. Rdh2 d3 44. Ke1 Bb4+ 45. Kf2 Bc5+ 46. Ke1 Ke5 1/2-1/2